[ AOE2 MATCH · #504898778 ]
UnrankedSicilians vs Huns
Player's team · WIN
Rival team · LOSS
[ REPLAY ANALYSIS · EXTRACTED FROM THE RECORDED GAME ]
Feudal
11:20
Castle
15:20
Imperial
33:56
| APM avg | 75.0 |
| APM peak | 117 |
| eAPM avg | 53.0 |
| Villagers / military | 160 / 97 |
Focus
⚔️ 43.5% · 🌾 56.5%
Serjeant ×51 · Skirmisher ×18 · Spearman ×10 · Battering Ram ×5 · Monk ×4 · Scout Cavalry ×4
Feudal
8:32
Castle
22:36
Imperial
35:29
| APM avg | 43.0 |
| APM peak | 83 |
| eAPM avg | 29.6 |
| Villagers / military | 168 / 87 |
Focus
⚔️ 30.2% · 🌾 69.8%
Cavalry Archer ×49 · Scout Cavalry ×18 · Spearman ×13 · Monk ×3 · Trebuchet (Packed) ×3 · Mangonel ×1
Match map
Initial resources + every placement click. Lines = walls · curves = elevation contours. ◆ gold · ⬟ stone · ● berries · ✦ relic · ◌ wall gap
Your base· ✓ Closed at 15:20 · 51t walls · 4 gate(s)
RxS | Shakka_'s base· ✓ Closed at 22:36 · 1t walls · 4 gate(s)
Smoothed initial terrain · ◌ = detected wall gap · hover for details
Inputs per minute
— CesarFight - - RxS | Shakka_
Build order — CesarFight
First 150 of 495 actions detected
| 0:00 | Queue | Villager (Male) |
| 0:00 | Queue | Villager (Male) |
| 0:00 | Queue | Villager (Male) |
| 0:01 | Build | House |
| 0:04 | Build | House |
| 0:15 | Queue | Villager (Male) |
| 1:13 | Build | Palisade Gate |
| 1:16 | Build | Palisade Wall |
| 1:18 | Build | Palisade Wall |
| 1:19 | Build | Palisade Wall |
| 1:27 | Build | Palisade Wall |
| 1:28 | Build | Palisade Wall |
| 1:29 | Build | Palisade Wall |
| 1:33 | Build | Palisade Wall |
| 1:34 | Queue | Villager (Male) |
| 1:39 | Build | Palisade Wall |
| 1:43 | Build | Palisade Wall |
| 1:45 | Build | Palisade Wall |
| 1:48 | Build | Palisade Wall |
| 1:52 | Build | Palisade Wall |
| 1:53 | Build | Palisade Wall |
| 1:57 | Build | Palisade Wall |
| 1:59 | Queue | Villager (Male) |
| 2:21 | Queue | Villager (Male) |
| 2:47 | Queue | Villager (Male) |
| 3:08 | Queue | Villager (Male) |
| 3:14 | Queue | Villager (Male) |
| 3:29 | Queue | Villager (Male) |
| 3:43 | Queue | Villager (Male) |
| 3:51 | Build | House |
| 4:03 | Build | Lumber Camp |
| 4:16 | Queue | Villager (Male) |
| 4:37 | Queue | Villager (Male) |
| 4:59 | Queue | Villager (Male) |
| 5:17 | Queue | Villager (Male) |
| 5:24 | Build | House |
| 5:35 | Queue | Villager (Male) |
| 5:39 | Build | Mill |
| 6:13 | Queue | Villager (Male) |
| 6:39 | Queue | Villager (Male) |
| 7:16 | Queue | Villager (Male) |
| 7:39 | Build | Farm |
| 7:43 | Queue | Villager (Male) |
| 7:48 | Build | Mining Camp |
| 8:04 | Queue | Villager (Male) |
| 8:11 | Build | House |
| 8:15 | Build | House |
| 8:25 | Build | Farm |
| 8:28 | Build | Farm |
| 8:35 | Research | Feudal Age |
| 8:38 | Research | Loom |
| 8:45 | Research | Feudal Age |
| 8:49 | Build | Palisade Wall |
| 8:50 | Build | Palisade Wall |
| 8:51 | Build | Palisade Wall |
| 8:51 | Build | Palisade Wall |
| 8:55 | Build | Palisade Wall |
| 8:56 | Build | Palisade Wall |
| 9:00 | Build | Palisade Wall |
| 9:11 | Build | Palisade Wall |
| 9:14 | Build | Palisade Wall |
| 9:14 | Build | Palisade Wall |
| 9:21 | Build | Palisade Wall |
| 9:25 | Build | Palisade Wall |
| 9:31 | Build | Palisade Wall |
| 9:32 | Build | Palisade Wall |
| 9:44 | Queue | Villager (Male) |
| 10:02 | Build | Mining Camp |
| 10:18 | Build | House |
| 10:20 | Build | Palisade Wall |
| 10:21 | Build | Palisade Wall |
| 11:00 | Build | House |
| 11:20 | Age | Feudal Age |
| 11:23 | Build | Market |
| 11:26 | Build | Blacksmith |
| 11:36 | Build | Palisade Wall |
| 11:39 | Queue | Villager (Male) |
| 11:48 | Build | House |
| 12:07 | Build | House |
| 12:08 | Build | Palisade Wall |
| 12:12 | Queue | Villager (Male) |
| 12:23 | Build | House |
| 12:26 | Build | Palisade Wall |
| 12:31 | Build | Palisade Wall |
| 12:40 | Research | Castle Age |
| 12:57 | Build | Palisade Wall |
| 13:02 | Build | Donjon |
| 13:30 | Build | House |
| 13:41 | Build | Farm |
| 14:07 | Build | Farm |
| 14:09 | Build | Farm |
| 14:23 | Research | Double-Bit Axe |
| 14:23 | Research | Double-Bit Axe |
| 14:29 | Build | Farm |
| 14:42 | Queue | Villager (Male) |
| 15:20 | Age | Castle Age |
| 15:26 | Build | Siege Workshop |
| 15:29 | Build | Siege Workshop |
| 15:36 | Build | Palisade Wall |
| 15:39 | Queue | Villager (Male) |
| 15:56 | Research | Horse Collar |
| 15:59 | Build | Farm |
| 16:00 | Build | Farm |
| 16:01 | Build | Farm |
| 16:07 | Queue | Mangonel |
| 16:14 | Queue | Villager (Male) |
| 16:17 | Build | Farm |
| 16:19 | Build | Farm |
| 16:30 | Queue | Villager (Male) |
| 16:33 | Build | Farm |
| 17:06 | Queue | Villager (Male) |
| 17:09 | Build | Farm |
| 17:14 | Build | Farm |
| 17:23 | Queue | Villager (Male) |
| 17:44 | Queue | Villager (Male) |
| 18:00 | Build | Farm |
| 18:02 | Queue | Villager (Male) |
| 18:36 | Research | Horse Collar |
| 18:42 | Queue | Villager (Male) |
| 18:52 | Build | Farm |
| 19:01 | Queue | Villager (Male) |
| 19:18 | Queue | Villager (Male) |
| 19:41 | Queue | Villager (Male) |
| 19:44 | Build | Town Center |
| 19:48 | Build | Town Center |
| 19:54 | Queue | Villager (Male) |
| 19:59 | Queue | Villager (Male) |
| 20:23 | Build | Stone Wall |
| 20:31 | Research | Bow Saw |
| 20:36 | Queue | Villager (Male) |
| 20:41 | Build | Farm |
| 20:42 | Build | Farm |
| 20:54 | Build | Gate |
| 21:03 | Queue | Villager (Male) |
| 21:03 | Queue | Villager (Male) |
| 21:12 | Queue | Villager (Male) |
| 21:19 | Build | Farm |
| 21:21 | Build | Farm |
| 21:23 | Queue | Villager (Male) |
| 21:31 | Queue | Spearman |
| 21:32 | Queue | Villager (Male) |
| 21:41 | Queue | Villager (Male) |
| 21:42 | Build | Farm |
| 21:55 | Build | House |
| 21:59 | Queue | Villager (Male) |
| 22:03 | Build | Palisade Wall |
| 22:09 | Build | Lumber Camp |
| 22:11 | Queue | Villager (Male) |
| 22:22 | Queue | Villager (Male) |
| 22:22 | Queue | Villager (Male) |
Build order — RxS | Shakka_
First 150 of 394 actions detected
| 0:00 | Queue | Villager (Male) |
| 0:01 | Queue | Villager (Male) |
| 0:01 | Queue | Villager (Male) |
| 0:10 | Queue | Villager (Male) |
| 1:28 | Queue | Villager (Male) |
| 1:43 | Queue | Villager (Male) |
| 1:43 | Queue | Villager (Male) |
| 2:09 | Build | Lumber Camp |
| 2:11 | Queue | Villager (Male) |
| 2:11 | Queue | Villager (Male) |
| 2:31 | Queue | Villager (Male) |
| 2:31 | Queue | Villager (Male) |
| 2:46 | Queue | Villager (Male) |
| 3:16 | Queue | Villager (Male) |
| 3:16 | Queue | Villager (Male) |
| 3:53 | Queue | Villager (Male) |
| 4:01 | Queue | Villager (Male) |
| 4:02 | Queue | Villager (Male) |
| 5:05 | Build | Mining Camp |
| 5:19 | Research | Loom |
| 5:51 | Queue | Villager (Male) |
| 6:22 | Research | Feudal Age |
| 7:31 | Queue | Villager (Male) |
| 7:44 | Queue | Villager (Male) |
| 8:32 | Age | Feudal Age |
| 8:41 | Build | Watch Tower |
| 8:47 | Queue | Villager (Male) |
| 9:36 | Queue | Villager (Male) |
| 9:42 | Build | Mill |
| 10:06 | Queue | Villager (Male) |
| 10:46 | Build | Watch Tower |
| 10:55 | Build | Palisade Wall |
| 11:07 | Queue | Villager (Male) |
| 11:09 | Queue | Villager (Male) |
| 11:10 | Queue | Villager (Male) |
| 11:16 | Build | Outpost |
| 11:32 | Build | Outpost |
| 11:40 | Queue | Villager (Male) |
| 11:50 | Build | Mill |
| 11:54 | Build | Farm |
| 11:55 | Build | Farm |
| 12:29 | Build | Farm |
| 12:32 | Queue | Villager (Male) |
| 12:43 | Build | Watch Tower |
| 12:52 | Queue | Villager (Male) |
| 13:04 | Research | Double-Bit Axe |
| 13:18 | Build | Farm |
| 13:34 | Queue | Villager (Male) |
| 13:58 | Queue | Villager (Male) |
| 14:09 | Build | Watch Tower |
| 14:12 | Queue | Villager (Male) |
| 14:26 | Build | Watch Tower |
| 14:30 | Build | Farm |
| 14:31 | Build | Farm |
| 14:36 | Build | Farm |
| 14:37 | Build | Farm |
| 14:40 | Queue | Villager (Male) |
| 14:49 | Queue | Villager (Male) |
| 14:49 | Queue | Villager (Male) |
| 14:49 | Queue | Villager (Male) |
| 15:25 | Build | Blacksmith |
| 15:46 | Build | Watch Tower |
| 15:59 | Build | Farm |
| 16:00 | Queue | Villager (Male) |
| 16:10 | Queue | Villager (Male) |
| 16:18 | Research | Fletching |
| 16:38 | Queue | Villager (Male) |
| 16:53 | Queue | Villager (Male) |
| 17:01 | Build | Farm |
| 17:05 | Build | Mining Camp |
| 17:51 | Queue | Villager (Male) |
| 18:02 | Build | Mining Camp |
| 18:09 | Build | Farm |
| 18:10 | Queue | Villager (Male) |
| 18:18 | Queue | Villager (Male) |
| 18:22 | Build | Market |
| 18:30 | Build | Farm |
| 18:40 | Build | Palisade Gate |
| 18:51 | Queue | Villager (Male) |
| 18:55 | Build | Barracks |
| 19:00 | Build | Barracks |
| 19:15 | Queue | Villager (Male) |
| 19:49 | Build | Lumber Camp |
| 19:52 | Research | Castle Age |
| 20:03 | Queue | Spearman |
| 20:14 | Build | Outpost |
| 20:25 | Build | Outpost |
| 20:30 | Queue | Spearman |
| 20:33 | Research | Horse Collar |
| 20:54 | Build | Outpost |
| 20:56 | Queue | Spearman |
| 21:23 | Queue | Villager (Male) |
| 21:41 | Build | Outpost |
| 22:11 | Build | Barracks |
| 22:12 | Queue | Spearman |
| 22:15 | Research | Forging |
| 22:29 | Build | Mill |
| 22:32 | Queue | Spearman |
| 22:36 | Age | Castle Age |
| 22:42 | Build | Monastery |
| 22:44 | Research | Bow Saw |
| 22:54 | Build | Town Center |
| 22:58 | Queue | Villager (Male) |
| 23:00 | Queue | Villager (Male) |
| 23:14 | Build | Palisade Wall |
| 23:22 | Queue | Spearman |
| 23:26 | Queue | Villager (Male) |
| 23:27 | Queue | Monk |
| 23:28 | Queue | Monk |
| 23:30 | Build | Farm |
| 23:33 | Build | Farm |
| 23:38 | Research | Wheelbarrow |
| 23:41 | Build | Farm |
| 23:46 | Queue | Villager (Male) |
| 23:48 | Build | Palisade Wall |
| 24:01 | Queue | Villager (Male) |
| 24:14 | Queue | Villager (Male) |
| 24:15 | Queue | Villager (Male) |
| 24:16 | Queue | Villager (Male) |
| 24:20 | Build | Siege Workshop |
| 24:25 | Queue | Spearman |
| 24:35 | Queue | Villager (Male) |
| 24:48 | Build | Town Center |
| 24:55 | Queue | Villager (Male) |
| 25:02 | Queue | Monk |
| 25:03 | Queue | Villager (Male) |
| 25:16 | Queue | Villager (Male) |
| 25:33 | Build | Farm |
| 25:34 | Build | Farm |
| 25:35 | Build | Farm |
| 25:37 | Queue | Villager (Male) |
| 25:42 | Queue | Spearman |
| 25:47 | Research | Squires |
| 26:03 | Queue | Mangonel |
| 26:04 | Queue | Villager (Male) |
| 26:14 | Queue | Spearman |
| 26:16 | Queue | Villager (Male) |
| 26:18 | Queue | Villager (Male) |
| 26:18 | Queue | Villager (Male) |
| 26:31 | Build | Stable |
| 26:35 | Queue | Villager (Male) |
| 26:39 | Build | Palisade Wall |
| 26:47 | Queue | Spearman |
| 26:52 | Research | Pikeman (upgrade) |
| 26:53 | Queue | Villager (Male) |
| 27:05 | Queue | Villager (Male) |
| 27:07 | Build | Farm |
| 27:08 | Build | Farm |
| 27:08 | Build | Farm |
| 27:09 | Build | Farm |
Match timeline
| 1:16 | CesarFight · wall_segment Palisade Wall x1 |
| 1:18 | CesarFight · wall_segment Palisade Wall x1 |
| 1:19 | CesarFight · wall_segment Palisade Wall x1 |
| 1:27 | CesarFight · wall_segment Palisade Wall x1 |
| 1:28 | CesarFight · wall_segment Palisade Wall x1 |
| 1:29 | CesarFight · wall_segment Palisade Wall x1 |
| 1:33 | CesarFight · wall_segment Palisade Wall x1 |
| 1:39 | CesarFight · wall_segment Palisade Wall x1 |
| 1:43 | CesarFight · wall_segment Palisade Wall x1 |
| 1:45 | CesarFight · wall_segment Palisade Wall x1 |
| 1:48 | CesarFight · wall_segment Palisade Wall x1 |
| 1:52 | CesarFight · wall_segment Palisade Wall x1 |
| 1:53 | CesarFight · wall_segment Palisade Wall x1 |
| 1:57 | CesarFight · wall_segment Palisade Wall x1 |
| 8:32 | RxS | Shakka_ · age_up feudal |
| 8:49 | CesarFight · wall_segment Palisade Wall x1 |
| 8:50 | CesarFight · wall_segment Palisade Wall x1 |
| 8:51 | CesarFight · wall_segment Palisade Wall x1 |
| 8:51 | CesarFight · wall_segment Palisade Wall x1 |
| 8:55 | CesarFight · wall_segment Palisade Wall x1 |
| 8:56 | CesarFight · wall_segment Palisade Wall x3 |
| 9:00 | CesarFight · wall_segment Palisade Wall x3 |
| 9:11 | CesarFight · wall_segment Palisade Wall x1 |
| 9:14 | CesarFight · wall_segment Palisade Wall x1 |
| 9:14 | CesarFight · wall_segment Palisade Wall x1 |
| 9:21 | CesarFight · wall_segment Palisade Wall x1 |
| 9:25 | CesarFight · wall_segment Palisade Wall x1 |
| 9:31 | CesarFight · wall_segment Palisade Wall x1 |
| 9:32 | CesarFight · wall_segment Palisade Wall x4 |
| 10:20 | CesarFight · wall_segment Palisade Wall x1 |
| 10:21 | CesarFight · wall_segment Palisade Wall x1 |
| 10:55 | RxS | Shakka_ · wall_segment Palisade Wall x1 |
| 11:20 | CesarFight · age_up feudal |
| 11:36 | CesarFight · wall_segment Palisade Wall x7 |
| 12:08 | CesarFight · wall_segment Palisade Wall x1 |
| 12:26 | CesarFight · wall_segment Palisade Wall x1 |
| 12:31 | CesarFight · wall_segment Palisade Wall x1 |
| 12:35 | CesarFight · first_market_buy 100 food |
| 12:35 | CesarFight · first_market_sell 100 stone |
| 12:57 | CesarFight · wall_segment Palisade Wall x5 |
| 13:02 | CesarFight · first_building Donjon |
| 15:20 | CesarFight · age_up castle |
| 15:26 | CesarFight · first_building Siege Workshop |
| 15:36 | CesarFight · wall_segment Palisade Wall x1 |
| 18:55 | RxS | Shakka_ · first_building Barracks |
| 19:19 | RxS | Shakka_ · first_market_sell 100 wood |
| 20:23 | CesarFight · wall_segment Stone Wall x4 |
| 22:03 | CesarFight · wall_segment Palisade Wall x1 |
| 22:36 | RxS | Shakka_ · age_up castle |
| 22:42 | RxS | Shakka_ · first_building Monastery |
| 22:49 | RxS | Shakka_ · first_market_buy 100 wood |
| 22:53 | CesarFight · wall_segment Stone Wall x1 |
| 23:14 | RxS | Shakka_ · wall_segment Palisade Wall x3 |
| 23:43 | CesarFight · first_building Monastery |
| 23:48 | RxS | Shakka_ · wall_segment Palisade Wall x1 |
| 24:20 | RxS | Shakka_ · first_building Siege Workshop |
| 26:31 | RxS | Shakka_ · first_building Stable |
| 26:39 | RxS | Shakka_ · wall_segment Palisade Wall x1 |
| 27:43 | CesarFight · first_building Stable |
| 28:01 | CesarFight · wall_segment Palisade Wall x1 |
| 28:01 | CesarFight · wall_segment Palisade Wall x2 |
| 28:01 | CesarFight · wall_segment Palisade Wall x2 |
| 28:02 | CesarFight · wall_segment Palisade Wall x1 |
| 30:58 | CesarFight · first_building Castle |
| 30:59 | RxS | Shakka_ · first_building Archery Range |
| 31:46 | CesarFight · first_building Barracks |
| 31:51 | RxS | Shakka_ · first_building Castle |
| 32:35 | RxS | Shakka_ · wall_segment Palisade Wall x1 |
| 32:39 | RxS | Shakka_ · wall_segment Palisade Wall x1 |
| 32:42 | RxS | Shakka_ · wall_segment Palisade Wall x1 |
| 32:46 | RxS | Shakka_ · wall_segment Stone Wall x1 |
| 32:47 | RxS | Shakka_ · wall_segment Stone Wall x1 |
| 32:57 | RxS | Shakka_ · wall_segment Stone Wall x1 |
| 33:56 | CesarFight · age_up imperial |
| 35:08 | RxS | Shakka_ · wall_segment Palisade Wall x3 |
| 35:12 | RxS | Shakka_ · wall_segment Palisade Wall x9 |
| 35:29 | RxS | Shakka_ · age_up imperial |
| 35:46 | CesarFight · first_building Archery Range |
| 38:35 | CesarFight · wall_segment Palisade Wall x1 |
| 40:57 | RxS | Shakka_ · resign |
[ AI ANALYSIS · 1 CREDIT ]
What really happened in this match?
Wolo.gg analyzes every decision: build order, eco, micro, common mistakes by bracket. Personalized analysis on WhatsApp or Discord in 30 seconds.
Civ guide
Sicilians
Perfil
Jugador #8724033